 Dungeon Sprint DCSS version 0.26-a0-649-gf8c6c3aab7 (webtiles) character file.

Game seed: 2250066576269496717

71 sahdkjhfkaj the Covert (level 4, -7/22 HPs)
             Began as a Spriggan Brigand on Sept 27, 2020.
             Was a Priest of Dithmenos.
             Mangled by Prince Ribbit (14 damage)
             ... while paralysed
             ... in the Dungeon (Sprint VII: "The Pits").
             The game lasted 00:01:08 (511 turns).

sahdkjhfkaj the Covert (Spriggan Brigand)            Turns: 511, Time: 00:01:08

Health: -7/22      AC:  3    Str:  7    XL:     4   Next: 5%
Magic:  5/5        EV:  4    Int: 12    God:    Dithmenos [***...]
Gold:   0          SH:  0    Dex: 18    Spells: 3/3 levels left

rFire    . . .     SeeInvis +   q - +2 dagger
rCold    . . .     Faith    .   (shield restricted)
rNeg     . . .     Spirit   .   b - +0 robe
rPois    .         Reflect  .   (helmet restricted)
rElec    .         Harm     .   c - +0 cloak
rCorr    .         Rampage  .   (gloves unavailable)
MR       .....     NoTele   +   (boots unavailable)
Stlth    ++++++++..             (no amulet)
HPRegen  0.07/turn              (no ring)
MPRegen  0.09/turn              (no ring)

@: paralysed, berserk cooldown, slowed, wreathed by umbra, very quick
A: very small, unfitting armour, see invisible, speed 3
a: Shadow Step, Renounce Religion


You were in the Dungeon.
You worshipped Dithmenos.
Dithmenos was most pleased with you.
You visited 1 branch

Inventory:

Hand Weapons
 q - a +2 dagger (weapon)
Missiles
 d - 2 poisoned darts (quivered)
Armour
 b - a +0 robe (worn)
 c - a +0 cloak (worn)
Scrolls
 k - a scroll of blinking
 m - 3 scrolls of remove curse
 n - 5 scrolls of amnesia
 o - a scroll of summoning
 p - 2 scrolls of vulnerability
Potions
 f - 6 potions of curing
 g - 6 potions of heal wounds
 h - a potion of haste
 i - 4 potions of magic
 j - 2 potions of berserk rage
 l - 2 potions of invisibility


   Skills:
 - Level 1.5 Fighting
 - Level 2.1 Short Blades
 - Level 2.0 Throwing
 - Level 1.5 Dodging
 + Level 13.1 Stealth


You had 3 spell levels left.
You didn't know any spells.
Your spell library was empty.

Dungeon Overview and Level Annotations

Branches:
Dungeon (1/1)

Altars:
Ashenzari
Cheibriados
Dithmenos
Elyvilon
Fedhas
Gozag
Hepliaklqana
Kikubaaqudgha
Makhleb
Nemelex Xobeh
Okawaru
Qazlal
Ru
Sif Muna
Trog
Uskayaw
Vehumet
Wu Jian
Xom
Yredelemnul
Zin
The Shining One
Beogh
Jiyva
Lugonu

Annotations:
D Prince Ribbit


Innate Abilities, Weirdness & Mutations

You are very small and have problems with some larger weapons.
You are too small for most types of armour.
You have supernaturally acute eyesight. (SInv)
You cover ground extremely quickly.


Message History

You kill the hobgoblin!
Dithmenos accepts your kill.
Prince Ribbit hops awkwardly around.
You hit the bat skeleton.
You destroy the bat skeleton!
Dithmenos accepts your kill.
The bullfrog croaks.
Things that are here:
a poisoned dart; a hound corpse You feel a strong urge to attack something.
Prince Ribbit blinks!
Things that are here:
a poisoned dart; a curare-tipped dart You are no longer berserk.
You pass out from exhaustion.
You feel yourself slow down. The bullfrog hits you! Prince Ribbit hits you!
Ouch! That really hurt!
You die...

#'#####'#####.....
#.#†..#)#[[##.....
#.#..)#)#))#####'#
#.#...'.#))##.....
#.##'####))##.....
#÷#.....#..##.....
#(#.....#'###...<.
#F#........##.....
#@#........##.....
#F###########.....
#(......# ######
#..###..# #(... #
##.### ... ..##
#...


You could see Prince Ribbit and a bullfrog.

Vanquished Creatures
  A hound (D)
  An iguana (D)
  An ooze (D)
  A ball python (D)
  A bat (D)
  A bat skeleton (D)
  3 goblins (D)
  A hobgoblin (D)
  3 kobolds (D)
13 creatures vanquished.

Notes
Turn   | Place    | Note
-------+----------+-------------------------------------------
     0 | D        | sahdkjhfkaj the Spriggan Brigand began the quest for the
                  | Orb.
     0 | D        | Reached XP level 1. HP: 10/10 MP: 2/2
    14 | D        | Reached skill level 6 in Stealth
    17 | D        | Found a bloodstained altar of Trog.
    17 | D        | Found a shimmering blue altar of Sif Muna.
    17 | D        | Found a viscous altar of Jiyva.
    17 | D        | Found a hazy altar of Hepliaklqana.
    17 | D        | Found an opulent altar of Gozag.
    18 | D        | Found a glowing golden altar of the Shining One.
    18 | D        | Found a glowing silver altar of Zin.
    18 | D        | Found a basalt altar of Yredelemnul.
    18 | D        | Found a shimmering altar of Xom.
    18 | D        | Found an ornate altar of the Wu Jian Council.
    18 | D        | Found a sacrificial altar of Ru.
    18 | D        | Found a stormy altar of Qazlal.
    18 | D        | Found an iron altar of Okawaru.
    18 | D        | Found a sparkling altar of Nemelex Xobeh.
    18 | D        | Found a burning altar of Makhleb.
    18 | D        | Found a blossoming altar of Fedhas.
    18 | D        | Found a white marble altar of Elyvilon.
    18 | D        | Found a shadowy altar of Dithmenos.
    18 | D        | Found a snail-covered altar of Cheibriados.
    19 | D        | Found a radiant altar of Vehumet.
    19 | D        | Found a corrupted altar of Lugonu.
    19 | D        | Found a roughly hewn altar of Beogh.
    20 | D        | Found a hide-covered altar of Uskayaw.
    20 | D        | Found an ancient bone altar of Kikubaaqudgha.
    20 | D        | Found a broken altar of Ashenzari.
    26 | D        | Became a worshipper of Dithmenos the Shadowed
    64 | D        | Reached skill level 7 in Stealth
   172 | D        | Reached * piety under Dithmenos
   175 | D        | Reached skill level 8 in Stealth
   191 | D        | Reached skill level 9 in Stealth
   191 | D        | Reached XP level 2. HP: 13/14 MP: 3/3
   194 | D        | Reached ** piety under Dithmenos
   282 | D        | Reached skill level 11 in Stealth
   282 | D        | Reached XP level 3. HP: 12/18 MP: 4/4
   492 | D        | Noticed Prince Ribbit
   494 | D        | Noticed a bullfrog
   500 | D        | Reached *** piety under Dithmenos
   500 | D        | Reached skill level 13 in Stealth
   500 | D        | Reached XP level 4. HP: 21/22 MP: 5/5
   511 | D        | Mangled by Prince Ribbit

Illustrated notes

Levels and vault maps discovered:
D:        pitsprint [storerooms_1, entrance_room_1, metal_vault_1, armoury_2,
          mini_pit_1, grid_room_1, main_hall_1, silver_pit, the_coven_1,
          the_vestibule_1, steel_vault_5, golden_pit, hallway_of_sentries,
          crystal_vault_1, iron_vault_5, final_vault]

Skill      XL: |  1  2  3 |
---------------+----------+-----
Stealth        | 9 11 13 | 13.1
Fighting       | |  1.5
Short Blades   | |  2.1
Throwing       | |  2.0
Dodging        | |  1.5

Action                   |  1- 3 |  4- 6 || total
-------------------------+-------+-------++-------
Melee: Dagger            |    35 |     3 ||    38
Throw: Dart              |     9 |       ||     9
  Use: Potion            |     1 |       ||     1
 Stab: Sleeping          |     3 |       ||     3
Armor: Robe              |     4 |       ||     4
Dodge: Dodged            |    29 |       ||    29

Table legend: (Time is in decaauts)
 A = Elapsed time spent in this place.
 B = Non-inter-level travel time spent in this place.
 C = Inter-level travel time spent in this place.
 D = Time resting spent in this place.
 E = Time spent auto-exploring this place.
 F = Levels seen in this place.
 G = Mean time per level.
                   A        B        C        D        E       F      G
               +--------+--------+--------+--------+--------+-----+--------+
         Total |    449 |    436 |     13 |    306 |      0 |   1 |  449.0 |
       Dungeon |    449 |    436 |     13 |    306 |      0 |   1 |  449.0 |
               +--------+--------+--------+--------+--------+-----+--------+

Top non-repeatable levels by time:
       D: 449 daAuts
